 Dungeon Crawl Stone Soup version 0.29.1-15-g9cfb28693d (webtiles) character file.

Game seed: 13988183838611147059

2324 zeram the Cleaver (level 9, -27/79 HPs)
             Began as a Hill Orc Fighter on Feb 21, 2023.
             Was an Initiate of Gozag.
             Annihilated by a large slime creature (36 damage)
             ... on level 6 of the Dungeon on Feb 25, 2023.
             The game lasted 00:11:04 (6911 turns).

zeram the Cleaver (Hill Orc Fighter)                Turns: 6911, Time: 00:11:05

Health: -27/79     AC:  5    Str: 23    XL:     9   Next: 42%
Magic:  9/9        EV:  9    Int:  8    God:    Gozag
Gold:   450        SH:  9    Dex: 10    Spells: 8/8 levels left

rFire   . . .      SeeInvis .   a - +1 war axe
rCold   + . .      Faith    .   h - +0 kite shield
rNeg    . . .      Spirit   .   b - +0 scale mail
rPois   .          Reflect  .   (no helmet)
rElec   .          Harm     .   (no cloak)
rCorr   .          Rampage  .   (no gloves)
Will    .....                   u - +0 pair of boots
Stlth   ..........              e - amulet of magic regeneration
HPRegen 0.23/turn               m - +4 ring of slaying
MPRegen 0.51/turn               o - ring of protection from cold

@: mighty, corroded
A: no striking features
a: Renounce Religion, Potion Petition, Call Merchant, Bribe Branch


You were on level 6 of the Dungeon.
You worshipped Gozag.
Gozag was aware of your devotion.
You visited 2 branches of the dungeon, and saw 7 of its levels.

You collected 505 gold pieces.
You paid 55 gold pieces to Gozag.

Inventory:

Hand Weapons
 a - a +1 war axe (weapon)
Armour
 b - a +0 scale mail (worn)
 c - a +1 buckler
 h - a +0 kite shield (worn)
 u - a +0 pair of boots (worn)
 y - a +0 helmet
Jewellery
 e - an amulet of magic regeneration (around neck)
 f - a ring of wizardry
 l - a +6 ring of strength
 m - a +4 ring of slaying (left hand)
 o - a ring of protection from cold (right hand)
 z - a +4 ring of protection
Wands
 s - a wand of paralysis (9)
 t - a wand of flame (21)
 w - a wand of light (3)
Scrolls
 r - a scroll of torment
 B - a scroll of summoning {unknown}
 C - a scroll of blinking {unknown}
 E - a scroll of identify
 F - a scroll of amnesia
Potions
 d - 2 potions of might
 g - 2 potions of mutation {unknown}
 i - 3 potions of cancellation
 j - 4 potions of curing {unknown}
 k - a potion of haste {unknown}
 n - 2 potions of brilliance {unknown}
 p - a potion of resistance {unknown}
 q - a potion of attraction {unknown}
 v - 2 potions of degeneration {unknown}
 x - a potion of ambrosia {unknown}
 A - a potion of flight {unknown}
 D - a potion of berserk rage {unknown}


   Skills:
 + Level 7.0 Fighting
 + Level 11.0 Axes
 + Level 6.9 Armour
 + Level 2.4 Dodging
 + Level 5.5 Shields


You had 8 spell levels left.
You didn't know any spells.
Your spell library contained the following spells:

 Spells                   Type           Power      Damage    Failure   Level
 Sandblast                Erth           0%         2d4       95%         1
 Passwall                 Tmut/Erth      0%         N/A       99%         2
 Gell's Gravitas          Tloc           0%         N/A       100%        3
 Lesser Beckoning         Tloc           0%         N/A       100%        3
 Stone Arrow              Conj/Erth      0%         3d7       100%        3
 Teleport Other           Tloc           0%         N/A       100%        3


Dungeon Overview and Level Annotations

Branches:
Dungeon (6/15)             Temple (1/1) D:5

Altars:
Ashenzari
Cheibriados
Dithmenos
Elyvilon
Fedhas
Gozag
Hepliaklqana
Kikubaaqudgha
Makhleb
Nemelex Xobeh
Okawaru
Qazlal
Sif Muna
Trog
Uskayaw
Vehumet
Wu Jian
Xom
Yredelemnul
Zin
The Shining One

Shops:
D:5 [   D:6 [


Message History

The slime creature attacks as you move away!
The slime creature hits you!
* * * LOW HITPOINT WARNING * * *
Okay, then.
Okay, then.
The slime creature attacks as you move away!
The slime creature completely misses you.
You feel very mighty all of a sudden. You block the slime creature's attack.
You hit the slime creature.
The slime creature is moderately wounded.
The slime creature hits you but does no damage.
Unknown command.
You slash the slime creature!
The slime creature is heavily wounded.
The slime creature barely misses you.
Two slime creatures merge to form a large slime creature.
Unknown command.
You slash the large slime creature!
The large slime creature is heavily wounded.
You block the large slime creature's attack.
Unknown command.
You slice the large slime creature!!
The large slime creature is severely wounded.
You block the large slime creature's attack.
Unknown command.
You slice the large slime creature!!
The large slime creature is almost dead.
You block the large slime creature's attack.
Unknown command.
You slash the large slime creature!
The large slime creature is almost dead.
The large slime creature hits you!
* * * LOW HITPOINT WARNING * * *
Unknown command.
You hit the large slime creature.
The large slime creature is almost dead.
The large slime creature hits you!!!
You die...
Your body crumbles into a pile of gold.

>.####....# ###########........#
...##.....# ?P.P.....##.##....##
........#.# .P÷....P÷#####..###
#.......### ...P.P..÷# #..##
#..#...## .P....JP.# #.##
.......# .P÷.JPJ..####..##
..###..## JJ.P.JJJ$##.....#
...##...### #######J# #.....#
##.##.....###..)@JJ## #.....#####
.#..#.###.##.######## #..........
....[.#######..'....# #..........
..#.#..##.######....# #....##....
.####......##.......# #....##..#.
..###......##.......# #.#...#..#.
..##.......##.......# #.##.......
...#.......##.......###.##.......
...[[[.....###..)).###..##.......


You could see a large slime creature and 2 jellies.

Vanquished Creatures
  Maggie (D:6)
  Grinder (D:3)
  Menkaure (D:6)
  An ice beast (D:6)
  A black bear (D:6)
  A sky beast (D:6)
  A phantom (D:5)
  2 kobold brigands (D:6)
  3 scorpions
  9 wights
  2 howler monkeys
  4 hounds
  2 orc priests (D:5)
  2 iguanas
  Ijyb (D:4)
  2 orc wizards (D:4)
  3 gnolls (D:3)
  10 adders
  A white imp (D:6)
  2 worms
  5 dart slugs
  18 orcs
  5 endoplasms
  2 giant cockroaches
  7 goblins
  4 hobgoblins
  4 jackals (D:4)
  3 quokkas
  5 ball pythons
  7 bats
  2 frilled lizards
  12 kobolds
  4 rats
128 creatures vanquished.

Vanquished Creatures (others)
  5 fungi (D:6)
  8 toadstools (D:6)
13 creatures vanquished.

Grand Total: 141 creatures vanquished

Notes
Turn   | Place    | Note
-------+----------+-------------------------------------------
     0 | D:1      | zeram the Hill Orc Fighter began the quest for the Orb.
     0 | D:1      | Reached XP level 1. HP: 19/19 MP: 1/1
   106 | D:1      | Reached skill level 3 in Axes
   174 | D:1      | Reached XP level 2. HP: 27/27 MP: 2/2
   454 | D:1      | Found a faded altar of an unknown god.
  1044 | D:2      | Reached XP level 3. HP: 33/33 MP: 3/3
  1676 | D:3      | Noticed Grinder
  1678 | D:3      | Paralysed by Grinder for 3 turns
  1687 | D:3      | Reached skill level 4 in Axes
  1687 | D:3      | Reached XP level 4. HP: 22/40 MP: 4/4
  1687 | D:3      | Paralysed by Grinder for 3 turns
  1697 | D:3      | Killed Grinder
  1698 | D:3      | Reached skill level 6 in Axes
  1698 | D:3      | Reached skill level 1 in Dodging
  1698 | D:3      | Reached XP level 5. HP: 9/47 MP: 5/5
  1698 | D:3      | Reached XP level 6. HP: 10/53 MP: 6/6
  2426 | D:3      | Found an ornate altar of the Wu Jian Council.
  2964 | D:4      | Reached skill level 5 in Fighting
  3049 | D:4      | Reached XP level 7. HP: 61/61 MP: 7/7
  3149 | D:4      | Reached skill level 7 in Axes
  3357 | D:4      | Noticed Ijyb
  3368 | D:4      | Killed Ijyb
  3990 | D:5      | Entered Level 5 of the Dungeon
  4359 | D:5      | Found Hoicu's Antique Armour Shop.
  4495 | D:5      | Found a staircase to the Ecumenical Temple.
  4505 | D:5      | Reached skill level 5 in Armour
  4543 | Temple   | Entered the Ecumenical Temple
  4878 | Temple   | Became a worshipper of Gozag Ym Sagoz the Greedy
  4993 | D:5      | Reached skill level 8 in Axes
  5302 | D:5      | Reached XP level 8. HP: 68/69 MP: 8/8
  5540 | D:6      | Reached skill level 9 in Axes
  5790 | D:6      | Noticed Menkaure
  5809 | D:6      | Reached skill level 10 in Axes
  5838 | D:6      | Reached skill level 5 in Shields
  5838 | D:6      | Reached XP level 9. HP: 19/78 MP: 9/9
  6265 | D:6      | Killed Menkaure
  6339 | D:6      | Noticed Maggie
  6351 | D:6      | Killed Maggie
  6719 | D:6      | Found Ytas's Armour Shoppe.
  6763 | D:6      | Reached skill level 11 in Axes
  6911 | D:6      | Annihilated by a large slime creature

Illustrated notes

Levels and vault maps discovered:
D:1:      minmay_arrival_arboretum_large, layout_loops_ring,
          hellmonk_ecumenical_altar_arch_garden
D:2:      layout_basic, kennysheep_boxes
D:3:      layout_loops_ring, nzn_wu_jian_contemplation, minmay_misc_feat_roman,
          kennysheep_generic_room_11, uniq_grinder
D:4:      layout_cave_pods, minmay_misc_feat_room, uniq_ijyb
D:5:      layout_cave_pools, minmay_temple_entry_statues_fountains,
          serial_shops, nicolae_shop_hallway_stairs, due_unseen_surprise
D:6:      cheibrodos_fertilizer, layout_cave_pools, serial_shops,
          kennysheep_little_box, uniq_menkaure, uniq_maggie
Temple:   mainiacjoe_temple_cubbyholes

Skill      XL: |  1  2  3  4  5  6  7  8  9 |
---------------+----------------------------+-----
Axes           | 3 4 6 8 10 11 | 11.0
Fighting       | 4 5 6 7 |  7.0
Armour         | 4 5 6 |  6.9
Dodging        | 1 2 |  2.4
Shields        | 4 5 |  5.5

Action                   |  1- 3 |  4- 6 |  7- 9 || total
-------------------------+-------+-------+-------++-------
Melee: War axe           |    90 |    62 |   179 ||   331
  Use: Scroll            |     8 |     1 |     3 ||    12
       Potion            |     1 |     1 |     4 ||     6
Armor: Scale mail        |    43 |    25 |    91 ||   159
Dodge: Dodged            |    48 |    28 |    71 ||   147
Block: Buckler           |     9 |       |       ||     9
       Kite shield       |    17 |    35 |    89 ||   141
